Map: World of Sleepers LE

Players

Ratl - Winner!

  • Race: Protoss Protoss
  • Spawn Location: 1:00

VOD

Have the link to the VOD?

Description

Time

  • Played on: Nov. 12, 2019, 6:45 p.m.
  • Length: 20:09
Show
View Real Time Build Order
Export as new Build Order

Ratl Protoss - Winner!

Build Orders:  

Get SALT Encoding   

  12  0:04  Probe (Chrono Boost)  
  13  0:15  Probe (Chrono Boost)  
  14  0:34  Pylon  
  14  1:02  Gateway  
  14  1:12  Pylon  
  14  1:20  Forge  
  14  1:26  Probe (Chrono Boost)  
  15  1:36  Assimilator  
  15  1:43  Probe (Chrono Boost)  
  16  2:18  Nexus  
  16  2:19  Probe (Chrono Boost)  
  17  2:30  Probe (Chrono Boost)  
  18  2:42  Probe (Chrono Boost)  
  19  2:50  Assimilator  
  19  2:59  Probe (Chrono Boost)  
  20  3:53  Probe (Chrono Boost)  
  21  4:03  Probe (Chrono Boost)  
  21  4:05  Cybernetics Core  
  21  4:09  Probe (Chrono Boost)  
  22  4:14  Probe (Chrono Boost)  
  24  4:20  Probe (Chrono Boost)  
  24  4:26  Probe (Chrono Boost)  
  26  4:33  Probe (Chrono Boost)  
  26  4:37  Probe (Chrono Boost)  
  27  4:45  Protoss Shields Level 1  
  27  4:49  Probe (Chrono Boost)  
  29  4:50  Probe (Chrono Boost)  
  30  5:01  Pylon  
  30  5:05  Pylon  
  30  5:07  Probe (Chrono Boost)  
  31  5:10  Twilight Council  
  31  5:20  Gateway  
  31  5:28  Gateway  
  31  5:29  Gateway  
  31  5:33  Gateway  
  31  5:39  Probe (Chrono Boost)  
  31  5:49  Probe (Chrono Boost)  
  33  5:50  Probe (Chrono Boost)  
  34  6:04  Probe (Chrono Boost), Pylon  
  34  6:06  Probe (Chrono Boost)  
  37  6:21  Probe (Chrono Boost)  
  37  6:22  Stalker  
  37  6:23  Probe (Chrono Boost)  
  40  6:38  Probe (Chrono Boost)  
  40  6:39  Assimilator  
  42  6:40  Probe (Chrono Boost)  
  42  6:43  Assimilator  
  42  6:49  Warp Gate, Pylon  
  42  6:54  Pylon  
  42  6:56  Probe (Chrono Boost)  
  43  7:06  Pylon  
  45  7:47  Probe  
  46  8:04  Probe  
  47  8:10  Unknown  
  47  8:19  Templar Archives  
  49  8:29  Protoss Ground Armor Level 1 (Chrono Boost)  
  49  8:31  Adept  
  49  8:32  Adept x2  
  49  8:33  Adept  
  57  8:52  Unknown  
  57  8:55  Shield Battery  
  57  8:58  Shield Battery  
  59  9:00  Shield Battery  
  59  9:02  Photon Cannon  
  59  9:05  Photon Cannon  
  59  9:08  Photon Cannon  
  59  9:24  Unknown  
  59  9:32  Dark Shrine  
  59  9:34  Unknown  
  59  9:36  Protoss Air Weapons Level 1  
  61  9:40  Stargate  
  61  9:45  Robotics Facility  
  61  9:54  Gateway  
  61  9:57  Gateway  
  61  9:58  Gateway  
  61  10:01  Gateway  
  61  10:05  Pylon  
  61  10:09  Pylon  
  61  10:16  Unknown  
  63  10:20  Adept  
  63  10:21  Adept  
  63  10:22  Adept  
  63  10:25  Stalker  
  71  10:58  Unknown  
  73  11:40  Unknown  
  73  11:49  Unknown x11  
  73  12:29  Unknown x11  
  73  12:58  High Templar  
  73  12:59  High Templar  
  77  13:00  High Templar  
  77  13:01  High Templar x2  
  77  13:02  High Templar  
  77  13:04  High Templar  
  77  13:06  Adept  
  77  13:07  Adept  
  91  13:25  Nexus  
  91  13:53  Warp Prism  
  93  14:11  Protoss Air Armor Level 1  
  93  14:20  Protoss Ground Weapons Level 1 (Chrono Boost)  
  93  14:37  Stalker  
  93  14:39  Stalker x2  
  99  14:40  Assimilator, Stalker  
  99  14:42  Assimilator  
  101  15:05  Immortal  
  105  15:13  Pylon  
  105  15:14  Pylon  
  105  15:21  Pylon  
  105  15:23  Pylon  
  105  15:27  Probe  
  106  15:33  Pylon  
  106  15:43  Probe  
  106  15:44  Pylon  
  106  15:45  Pylon, Unknown x14  
  101  16:00  Probe  
  101  16:08  Unknown  
  102  16:17  Probe  
  103  16:22  Unknown x11  
  99  16:34  Probe  
  100  16:51  Dark Templar  
  100  16:52  Dark Templar  
  100  16:53  Dark Templar  
  100  16:55  High Templar x3  
  100  16:56  High Templar x2  
  116  17:04  Zealot  
  114  17:53  High Templar x3  
  120  18:12  Unknown x8  
  120  18:38  Probe  
Tags
 
Add a new tag
Caveats
  • Supply blocks, unpowered buildings, or Contaminate may cause inaccurate times.
  • Supply counts are checked every 10 seconds.